 Dungeon Crawl Stone Soup version 0.28.0 (webtiles) character file.

Game seed: 8951994459461113353

93 bande the Covered (level 4, -2/29 HPs)
             Began as a Gargoyle Fighter on Feb 12, 2022.
             Killed by divine providence
             ... invoked by an orc priest
              (13 damage)
             ... on level 3 of the Dungeon.
             The game lasted 00:02:32 (2247 turns).

bande the Covered (Gargoyle Fighter)                Turns: 2247, Time: 00:02:33

Health: -2/29      AC: 10    Str: 20    XL:     4   Next: 61%
Magic:  4/4        EV:  9    Int:  8    God:
Gold:   118        SH:  4    Dex: 11    Spells: 3/3 levels left

rFire   . . .      SeeInvis .   a - +0 war axe
rCold   . . .      Faith    .   c - +0 buckler
rNeg    + . .      Spirit   .   b - +0 scale mail
rPois   ∞          Reflect  .   (no helmet)
rElec   +          Harm     .   (no cloak)
rCorr   .          Rampage  .   (no gloves)
Will    .....                   (no boots)
Stlth   ..........              (no amulet)
HPRegen 0.09/turn               (no ring)
MPRegen 0.09/turn               (no ring)

@: no status effects
A: sickness immunity, AC +3, negative energy resistance 1, electricity
resistance, torment resistance 1, petrification resistance
a: no special abilities


You were on level 3 of the Dungeon.
You visited 1 branch of the dungeon, and saw 3 of its levels.

You collected 118 gold pieces.

Inventory:

Hand Weapons
 a - a +0 war axe (weapon)
Armour
 b - a +0 scale mail (worn)
 c - a +0 buckler (worn)
Scrolls
 e - 6 scrolls of teleportation
Potions
 d - 2 potions of might
 f - a potion of lignification {unknown}
 g - 2 potions of curing {unknown}
 h - a potion of invisibility {unknown}
 i - a potion of berserk rage {unknown}


   Skills:
 + Level 3.8 Fighting
 + Level 3.1 Axes
 + Level 4.0 Armour
 - Level 0.1 Dodging
 + Level 3.6 Shields


You had 3 spell levels left.
You didn't know any spells.
Your spell library contained the following spells:

 Spells                   Type           Power      Damage    Failure   Level
 Static Discharge         Conj/Air       0%         N/A       94%         2
 Dispel Undead            Necr           0%         3d6       100%        4
 Sticky Flame             Conj/Fire      0%         2d3       100%        4


Dungeon Overview and Level Annotations

Branches:
Dungeon (3/15)

Altars:


Innate Abilities, Weirdness & Mutations

You are immune to sickness and miasma.
Your stone body is resilient. (AC +3)
You are immune to poison.
You resist negative energy. (rN+)
You are resistant to electric shocks. (rElec)
You are resistant to unholy torment.
You are immune to petrification.


Message History

You closely miss the bat. You block the bat's attack.
The bat hits you but does no damage.
An orc comes into view. It is wielding a +0 dagger.
You slash the orc!
You kill the orc!
You closely miss the bat. The bat closely misses you.
The orc throws a boomerang.
You block the boomerang.
An orc comes into view. It is wielding a +0 flail.
An orc priest comes into view. It is wielding a +0 dagger.
The orc priest shouts!
The bat hits you but does no damage.
The orc throws a boomerang.
You block the boomerang. The bat hits you but does no damage. x2
The orc priest mumbles some strange prayers to Beogh against you.
Beogh smites you! You block the worm's attack.
Things that are here:
a +0 hand axe; an orc corpse You hit the worm.
The worm is lightly wounded.
You hit the bat. The bat hits you but does no damage.
The bat closely misses you. The orc hits you but does no damage.
You hit the worm.
The worm is moderately wounded.
You hit the orc but do no damage. You closely miss the orc.
The bat hits you but does no damage. The bat hits you.
The orc hits you with a +0 mace. The worm bites you but does no damage.
The bat hits you.
You are too injured to fight recklessly!
You are too injured to fight recklessly!
You are too injured to fight recklessly!
You are too injured to fight recklessly!
You are too injured to fight recklessly!
You are too injured to fight recklessly!
You are too injured to fight recklessly!
Unknown command.
The bat closely misses you. The orc hits you but does no damage.
The bat hits you but does no damage.
The orc priest calls down the wrath of Beogh upon you.
Beogh smites you!
You die...

##....# #...##......####.####
#....# ###..#........##.....
####.#######......)........(#
#.....#####....)..........
#...#........##)..........
###.#######÷.##...........
#....####..##...........
####......##............
##########@.....>....##....
.....o.ooo..##........####.
####...w.b..#..####.....(..
#..)......... .........
#.....#.########.......#
#........# #########
.....###### ....## ...#


You could see a worm, an orc priest, 3 orcs and a bat.

Vanquished Creatures
  2 adders (D:3)
  A worm (D:2)
  2 dart slugs
  4 orcs (D:3)
  3 ball pythons
  An endoplasm (D:1)
  2 giant cockroaches (D:1)
  8 goblins
  5 hobgoblins
  3 jackals (D:3)
  6 kobolds
  5 quokkas
  6 bats
  4 frilled lizards (D:1)
  9 rats
61 creatures vanquished.

Notes
Turn   | Place    | Note
-------+----------+-------------------------------------------
     0 | D:1      | bande the Gargoyle Fighter began the quest for the Orb.
     0 | D:1      | Reached XP level 1. HP: 14/14 MP: 1/1
   183 | D:1      | Reached XP level 2. HP: 17/19 MP: 2/2
   408 | D:1      | Found a faded altar of an unknown god.
   568 | D:1      | Reached XP level 3. HP: 23/23 MP: 3/3
  1866 | D:3      | Reached XP level 4. HP: 29/29 MP: 4/4
  2066 | D:3      | Reached skill level 4 in Armour
  2247 | D:3      | Killed from afar by an orc priest

Illustrated notes

Levels and vault maps discovered:
D:1:      dpeg_arrival_subterranean_lakeside_camping, layout_loops_cross,
          shapermc_ecumenical_altar_ellora, minmay_misc_feat_encased
D:2:      layout_loops_cross
D:3:      layout_rooms

Skill      XL: |  1  2  3  4 |
---------------+-------------+-----
Axes           | 2 3 |  3.1
Armour         | 4 |  4.0
Fighting       | |  3.8
Dodging        | |  0.1
Shields        | |  3.6

Action                   |  1- 3 |  4- 6 || total
-------------------------+-------+-------++-------
Melee: War axe           |   132 |    31 ||   163
  Use: Scroll            |     3 |     1 ||     4
Armor: Scale mail        |    77 |    33 ||   110
Dodge: Dodged            |    63 |    22 ||    85
Block: Buckler           |    29 |    11 ||    40
